 Dungeon Sprint DCSS version 0.26.1-11-gd32895ea62 (webtiles) character file.

Game seed: 5178935270218348203

4326 Zeld the Peltast (level 10, -9/114 (115) HPs)
             Began as a Minotaur Monk on June 12, 2021.
             Was the Champion of Yredelemnul.
             Mangled by Vuameh the pandemonium lord (20 damage)
             ... in the Dungeon (Sprint V: "Ziggurat Sprint").
             The game lasted 00:04:12 (1042 turns).

Zeld the Peltast (Minotaur Monk)                    Turns: 1042, Time: 00:04:13

HP:   -9/114 (115)  AC: 19    Str: 30    XL:     10   Next: 11%
MP:   9/9           EV:  6    Int:  7    God:    Yredelemnul [******]
Gold: 0             SH: 26    Dex: 14    Spells: 9/9 levels left

rFire    . . .     SeeInvis +   a - +14 obsidian axe {vorpal, +Fly SInv *Curse} (curse)
rCold    . . .     Faith    .   i - +3 tower shield
rNeg     . . .     Spirit   .   h - +5 crystal plate armour
rPois    .         Reflect  .   (helmet restricted)
rElec    .         Harm     .   (no cloak)
rCorr    .         Rampage  .   (no gloves)
Will     .....     NoTele   +   (no boots)
Stlth    ..........             (no amulet)
HPRegen  0.29/turn              l - +6 ring of strength
MPRegen  0.11/turn              m - +6 ring of strength

@: berserking, mesmerised, lightly drained, very quick
A: retaliatory headbutt, horns 2, deterioration 1
a: Renounce Religion, Evoke Flight, Recall Undead Slaves, Injury Mirror, Animate
Dead, Drain Life, Enslave Soul


You were in the Dungeon.
You worshipped Yredelemnul.
Yredelemnul was exalted by your worship.
You visited 1 branch

Inventory:

Hand Weapons
 a - the cursed +14 obsidian axe (weapon) {vorpal, +Fly SInv *Curse}
   (You found it in the Dungeon)

   It inflicts extra damage upon your enemies.
   It lets you see invisible.
   It lets you fly.
   It curses itself when equipped.
   It has a curse placed upon it.
 j - a +5 broad axe
Armour
 h - a +5 crystal plate armour (worn)
 i - a +3 tower shield (worn)
Jewellery
 l - a +6 ring of strength (left hand)
 m - a +6 ring of strength (right hand)
Wands
 n - a wand of disintegration (7)
 o - a wand of iceblast (7)
 p - a wand of acid (7)
Scrolls
 g - 4 scrolls of blinking
 t - 4 scrolls of amnesia
 v - 7 scrolls of fog
 w - a scroll of holy word
 x - 5 scrolls of identify
 y - 5 scrolls of remove curse
 z - 2 scrolls of fear
Potions
 b - 10 potions of curing
 c - 12 potions of heal wounds
 d - 6 potions of haste
 e - 7 potions of magic
 f - a potion of berserk rage
 q - 2 potions of brilliance
 r - 2 potions of invisibility
 s - 4 potions of resistance
 u - 5 potions of might
Miscellaneous
 k - a lightning rod (4/4)
 A - a phantom mirror
 B - a box of beasts
 C - a tin of tremorstones (2/2)


   Skills:
 - Level 3.6 Fighting
 * Level 17.9 Axes
 - Level 5.2 Dodging
 - Level 5.0 Stealth
 * Level 17.9 Shields
 - Level 5.0 Unarmed Combat


You had 9 spell levels left.
You didn't know any spells.
Your spell library was empty.

Dungeon Overview and Level Annotations

Branches:
Dungeon (1/1)

Altars:
Ashenzari
Cheibriados
Dithmenos
Elyvilon
Fedhas
Gozag
Hepliaklqana
Kikubaaqudgha
Makhleb
Nemelex Xobeh
Okawaru
Qazlal
Ru
Sif Muna
Trog
Uskayaw
Vehumet
Wu Jian
Xom
Yredelemnul
Zin
The Shining One
Beogh
Jiyva
Lugonu

Annotations:
D 1 transporter


Innate Abilities, Weirdness & Mutations

You reflexively headbutt those who attack you in melee.
You have a pair of horns on your head.
Your body sometimes deteriorates upon taking damage.


Message History

You block Vuameh's attack.
You completely miss Vuameh. Your headbutt misses Vuameh.
Vuameh is heavily wounded.
You are engulfed in negative energy.
You feel drained.
* * * LOW HITPOINT WARNING * * *
Your flying skull hits the hellwing.
Your flying skull closely misses the hellwing.
Your flying skull hits the hellwing!
The hellwing dies!
Yredelemnul accepts your kill.
Your flying skull hits the quasit!
Your vampire closely misses Vuameh.
Your vampire barely misses Vuameh.
Your sun demon barely misses Vuameh.
You feel your strength returning.
Your life force feels restored.
You miss Vuameh.
Vuameh is heavily wounded.
You are engulfed in negative energy.
You feel drained.
* * * LOW HITPOINT WARNING * * *
Vuameh hits you!!
You die...
Your body rises from the dead as a mindless zombie.

▓...©....▓...©....▓
▓▓▓▓▓▓▓▓▓▓▓▓▓▓▓▓▓▓▓
▓...8©8...▓..8©8..▓
▓..}?)|...▓..})|..▓
▓...)|....▓..::...▓
▓....5z...▓.......▓
▓...z.z...▓.......▓
▓..zz&33..▓.......▓
▓..VV@3z..▓.......▓
▓.▓WzzZ.▓.▓.......▓
▓....5....▓...©...▓
▓▓▓▓▓▓▓▓▓▓▓▓▓▓▓▓▓▓▓
▓..8©8..▓ ▓..|.).Z▓
▓..)}...▓ ▓...).M.▓


▓ZZzzzZ.▓ You could see Vuameh (mesmerising, clouds), a quasit, a crimson imp, a
friendly flayed ghost, 2 friendly sun demons, a friendly sixfirhy (summoned), 2
friendly vampires, 8 friendly flying skulls and a friendly spriggan zombie.

Vanquished Creatures
  A dancing weapon (D)
  2 deep elf magi (D)
  A shining eye (D)
  2 toenail golems (D)
  A hellwing (D)
  A spriggan (D)
  A water elemental (D)
  2 phantoms (D)
  A black bear (D)
  2 eyes of draining (D)
  A wight (D)
  3 jellies (D)
  A shadow imp (D)
  2 oozes (D)
  A bat zombie (D)
  A ball python zombie (D)
  A leopard gecko skeleton (D)
24 creatures vanquished.

Vanquished Creatures (collateral kills)
  A deep elf archer (D)
  A hellwing (D)
  2 hornets (D)
  2 spriggans (D)
  A black bear (D)
  A wolf (D)
  A crimson imp (D)
  2 jellies (D)
  A shadow imp (D)
12 creatures vanquished.

Vanquished Creatures (others)
  6 flying skulls (D)
  A wight (D)
  2 mummies (D)
9 creatures vanquished.

Grand Total: 45 creatures vanquished

Notes
Turn   | Place    | Note
-------+----------+-------------------------------------------
     0 | D        | Zeld the Minotaur Monk began the quest for the Orb.
     0 | D        | Reached XP level 1. HP: 19/19 MP: 0/0
     3 | D        | Found a blossoming altar of Fedhas.
     4 | D        | Found the +6 Majin-Bo {vamp, MP+6 Int+6}
     4 | D        | Found the +9 heavy crossbow "Sniper" {vorpal, Acc+∞ SInv}
     4 | D        | Found the +10 dark maul {vorpal}
     4 | D        | Found the +15 Maxwell's patent armour {-Cast -Tele rElec
                  | Will+ rCorr}
     4 | D        | Found the +18 shield of the Gong {rElec rN+ Will+ EV-5}
     4 | D        | Found the cursed +14 obsidian axe {vorpal, +Fly SInv
                  | *Curse}
     4 | D        | Found the +7 great mace "Firestarter" {inner flame, rF++}
     4 | D        | Found the +6 shillelagh "Devastator" {shatter}
     4 | D        | Found the +11 plutonium sword {*Contam Stlth-}
     4 | D        | Found the +8 lance "Wyrmbane" {slay drac, rPois rF+ rC+
                  | AC+3}
     4 | D        | Found the +9 sword of Zonguldrok {reap}
     4 | D        | Found the cursed +13 scythe of Curses {drain, *Curse}
     4 | D        | Found the +5 sword of Power {vorpal}
     4 | D        | Found the +7 mace of Variability {chain chaos}
     4 | D        | Found the +7 Singing Sword {vorpal, sonic wave}
     4 | D        | Found the +8 storm bow {elec, penet}
     5 | D        | Found a viscous altar of Jiyva.
     5 | D        | Found a hazy altar of Hepliaklqana.
     5 | D        | Found a transporter.
     5 | D        | Found an opulent altar of Gozag.
     5 | D        | Found an ancient bone altar of Kikubaaqudgha.
     5 | D        | Found a corrupted altar of Lugonu.
    26 | D        | Found a burning altar of Makhleb.
    27 | D        | Found a sacrificial altar of Ru.
    27 | D        | Found a stormy altar of Qazlal.
    27 | D        | Found a shimmering blue altar of Sif Muna.
    27 | D        | Found an iron altar of Okawaru.
    27 | D        | Found a bloodstained altar of Trog.
    27 | D        | Found a sparkling altar of Nemelex Xobeh.
    61 | D        | Reached skill level 5 in Dodging
    61 | D        | Reached XP level 2. HP: 26/26 MP: 1/1
    84 | D        | Became a worshipper of Yredelemnul the Dark
    84 | D        | Reached * piety under Yredelemnul
    84 | D        | Reached ** piety under Yredelemnul
   174 | D        | Entered arena 2.
   174 | D        | Noticed a toenail golem
   174 | D        | Noticed a toenail golem
   174 | D        | Found a transporter.
   179 | D        | Killed a toenail golem
   179 | D        | Killed a toenail golem
   180 | D        | Reached skill level 5 in Stealth
   180 | D        | Reached skill level 5 in Unarmed Combat
   180 | D        | Reached XP level 3. HP: 31/31 MP: 2/2
   180 | D        | Reached XP level 4. HP: 39/39 MP: 3/3
   180 | D        | Reached XP level 5. HP: 45/45 MP: 4/4
   180 | D        | Reached XP level 6. HP: 51/51 MP: 5/5
   180 | D        | Reached XP level 7. HP: 57/57 MP: 6/6
   426 | D        | Entered arena 3.
   426 | D        | Found a transporter.
   430 | D        | Reached *** piety under Yredelemnul
   443 | D        | Entered arena 4.
   443 | D        | Found a transporter.
   445 | D        | Received a gift from Yredelemnul (a mummy)
   445 | D        | Received a gift from Yredelemnul (a wight)
   448 | D        | Reached **** piety under Yredelemnul
   886 | D        | Entered arena 5.
   886 | D        | Found a transporter.
   888 | D        | Received a gift from Yredelemnul (a mummy)
   893 | D        | Received a gift from Yredelemnul (a mummy)
   893 | D        | Received a gift from Yredelemnul (4 flying skulls)
   894 | D        | Reached XP level 8. HP: 64/64 MP: 7/7
   902 | D        | Entered arena 6.
   902 | D        | Noticed a +0 battleaxe of freezing
   902 | D        | Noticed a deep elf mage
   902 | D        | Noticed a deep elf archer
   902 | D        | Noticed a deep elf mage
   902 | D        | Found a transporter.
   903 | D        | Found the +3 salamander hide armour {Flames rF++ rC--}
   908 | D        | Killed a +0 battleaxe of freezing
   909 | D        | Killed a deep elf mage
   910 | D        | Reached skill level 15 in Axes
   910 | D        | Reached skill level 15 in Shields
   911 | D        | Reached ***** piety under Yredelemnul
   911 | D        | Received a gift from Yredelemnul (a vampire)
   912 | D        | Reached XP level 9. HP: 56/70 MP: 8/8
   913 | D        | Killed a deep elf mage
   919 | D        | Killed a deep elf archer
   941 | D        | Entered arena 7.
   941 | D        | Noticed a shining eye
   942 | D        | Found a transporter.
   945 | D        | Received a gift from Yredelemnul (5 flying skulls)
   947 | D        | Gained mutation: Your body sometimes deteriorates upon
                  | taking damage. [a shining eye]
   949 | D        | Killed a shining eye
   949 | D        | Received a gift from Yredelemnul (a wight)
   997 | D        | Entered arena 8.
   997 | D        | Noticed a spriggan rider
   997 | D        | Noticed a spriggan rider
   998 | D        | Found a transporter.
  1001 | D        | Reached ****** piety under Yredelemnul
  1004 | D        | Received a gift from Yredelemnul (3 flying skulls)
  1005 | D        | Killed a spriggan rider
  1006 | D        | Received a gift from Yredelemnul (4 flying skulls)
  1006 | D        | Reached XP level 10. HP: 73/77 MP: 9/9
  1030 | D        | Entered arena 9.
  1030 | D        | Noticed Vuameh the pandemonium lord
  1031 | D        | Found a transporter.
  1033 | D        | Received a gift from Yredelemnul (a vampire)
  1037 | D        | Received a gift from Yredelemnul (a flayed ghost)
  1042 | D        | Mangled by Vuameh the pandemonium lord

Illustrated notes

Levels and vault maps discovered:
D:        sprint_v [room_start, room_1, room_2, room_3, room_4, room_5, room_6,
          room_7, room_8, room_9, room_10, room_11, room_12, room_13, room_14,
          room_15, room_16, room_17, room_18, room_19, room_20, room_21,
          room_22, room_23, room_24, room_25, room_26, room_27]

Skill      XL: |  1  2  3  4  5  6  7  8  9 |
---------------+----------------------------+-----
Axes           | 4 12 13 15 17 | 17.9
Dodging        | 5 |  5.2
Stealth        | 3 5 |  5.0
Shields        | 4 12 13 15 17 | 17.9
Unarmed Combat | 5 |  5.0
Fighting       | |  3.6

Action                   |  1- 3 |  4- 6 |  7- 9 | 10-12 || total
-------------------------+-------+-------+-------+-------++-------
Melee: Broad axe         |     4 |       |    28 |     6 ||    38
       Headbutt          |     1 |       |     4 |       ||     5
Invok: Animate Dead      |       |       |     1 |     1 ||     2
  Use: Potion            |     2 |       |     2 |     1 ||     5
 Stab: Distracted        |       |       |     3 |       ||     3
Armor: Crystal plate arm |     1 |       |     3 |     1 ||     5
Dodge: Dodged            |       |       |     1 |       ||     1
Block: Tower shield      |     5 |       |    38 |     7 ||    50
